 Dungeon Crawl Stone Soup version 0.24-a0-520-g8fd06ad0bc (webtiles) character file.

Game seed: 12269675680301269572

0 Gargoyl the Skirmisher (level 1, -2/19 HPs)
             Began as a Centaur Abyssal Knight on July 26, 2019.
             Was a Follower of Lugonu.
             Slain by a starspawn tentacle (3 damage)
             ... attached to a tentacled starspawn
             ... on level 1 of the Abyss.
             The game lasted 00:00:40 (134 turns).

Gargoyl the Skirmisher (Centaur Abyssal Knight)      Turns: 134, Time: 00:00:40

Health: -2/19      AC:  4    Str: 14    XL:     1   Next: 0%
Magic:  2/2        EV:  6    Int: 13    God:    Lugonu [*.....]
Gold:   0          SH:  0    Dex:  4    Spells: 0/0 levels left

rFire    . . .     SeeInvis .   a - +1 hand axe
rCold    . . .     Gourm    .   (no shield)
rNeg     . . .     Faith    .   b - +0 leather armour
rPois    .         Spirit   .   (no helmet)
rElec    .         Reflect  .   (no cloak)
rCorr    .         Harm     .   (no gloves)
MR       .....                  (no barding)
Stlth    ..........             (no amulet)
HPRegen  0.06/turn              (no ring)
MPRegen  0.08/turn              (no ring)

@: constricted, very quick
A: large, hooves 3, clever 1, [clumsy 2], deformed body, speed 2, tough skin 3
a: Depart the Abyss, Renounce Religion


You were on level 1 of the Abyss.
You worshipped Lugonu.
Lugonu was aware of your devotion.
You were not hungry.

You visited 0 branches of the dungeon, and saw 0 of its levels.
You visited the Abyss 1 time.

Inventory:

Hand Weapons
 a - a +1 hand axe (weapon)
Armour
 b - a +0 leather armour (worn)
Potions
 e - 2 potions of cancellation
Comestibles
 c - a ration


   Skills:
 + Level 3.0 Fighting
 + Level 1.7 Axes
 + Level 1.3 Armour
 + Level 0.6 Dodging
 + Level 2.0 Invocations


You couldn't memorise any spells.
You didn't know any spells.
Your spell library was empty.

Dungeon Overview and Level Annotations

Branches:
Dungeon (0/15)

Altars:


Innate Abilities, Weirdness & Mutations

You have hooves in place of feet.
Armour fits poorly on your strangely shaped body.
You cover ground very quickly.
You have extremely tough skin. (AC +3)
Your mind is acute. (Int +2)
[You are very clumsy. (Dex -4)]


Message History

The neqoxec gestures at you.
Something tries to feed on your intellect!
The neqoxec gestures at you.
Strange energies course through your body.
You feel clever.
Tentacles burst from the starspawn's body! 2 starspawn tentacles come into view.
A wretched star comes into view.
The wretched star pulses with an eldritch light!
You feel clumsy. x2
A tentacle flies out from the starspawn's body!
A starspawn tentacle comes into view.
The starspawn tentacle grabs you.
* * * LOW HITPOINT WARNING * * *
The starspawn tentacle constricts you.
A starspawn tentacle comes into view.
You hit the starspawn tentacle but do no damage.
The starspawn tentacle loses its grip on you.
The tentacle pulls you backwards! The starspawn tentacle grabs you.
You die...

.. .# ## . ..## ##.###
. # .#. # . #....# ####
## ..# .
#.#...###..#..# # # ...
#.....#@###.Λ#...##
X... #.#..##..w─..#│.#
##.w...
##.#.#.#...X#3....X.w.#
* #.#####...#/. #.#####
#.#.# ##..#.....§.. ..#
. ....##....#§ .## .#
#. . #.##......####..#
# .. ##.. ..#.# ##3..##
... ...###### #...


You could see a tentacled starspawn, a neqoxec and a starspawn tentacle.

Vanquished Creatures (others)
  5 starspawn tentacles (Abyss:1)
5 creatures vanquished.

Notes
Turn   | Place    | Note
-------+----------+-------------------------------------------
     0 | Abyss:1  | Gargoyl the Centaur Abyssal Knight began the quest for the
                  | Orb.
     0 | Abyss:1  | Reached XP level 1. HP: 19/19 MP: 2/2
    35 | Abyss:1  | Noticed a tentacled starspawn
    66 | Abyss:1  | Noticed a large abomination
    73 | Abyss:1  | Noticed a tentacled starspawn
    83 | Abyss:1  | Noticed a small abomination
    85 | Abyss:1  | Noticed a small abomination
    89 | Abyss:1  | Noticed a neqoxec
   100 | Abyss:1  | Noticed a neqoxec
   120 | Abyss:1  | Gained mutation: Your mind is acute. (Int +2) [a neqoxec]
   128 | Abyss:1  | Noticed a wretched star
   134 | Abyss:1  | Slain by a starspawn tentacle

Levels and vault maps discovered:
Abyss:1:  hangedman_abyss_overflow_altar

Action                   || total
-------------------------++-------
Melee: Hand axe          ||     1
  Use: Scroll            ||     1
       Potion            ||     1

Table legend:
 A = Non-vault XP
 B = Vault XP
 C = Vault XP percentage of total XP
 D = Non-vault monster count
 E = Vault monster count
 F = Vault count percentage of total count
                 A         B        C        D         E       F
            +---------+---------+-------+---------+---------+-------
      Total |       0 |       0 |   N/A |       0 |       0 |  -nan
            +---------+---------+-------+---------+---------+-------
            +---------+---------+-------+---------+---------+-------
